 Dungeon Crawl Stone Soup version 0.29.1-1-gd02db6906a (webtiles) character file.

Game seed: 10301987049647176782

946 MisterFreud the Nimble (level 7, -3/34 HPs)
             Began as a Felid Berserker on Oct 9, 2022.
             Was a Priest of Trog.
             Shot with an arrow by a centaur (5 damage)
             ... on level 8 of the Dungeon.
             The game lasted 00:09:18 (8613 turns).

MisterFreud the Nimble (Felid Berserker)            Turns: 8613, Time: 00:09:19

Health: -3/34      AC:  2    Str: 13    XL:     7   Next: 89%
Magic:  8/8        EV: 23    Int:  9    God:    Trog [***...]
Gold:   621        SH:  5    Dex: 17    Spells: 6/6 levels left
                                        Lives:  0   Deaths: 2

rFire   . . .      SeeInvis +     - Unarmed
rCold   . . .      Faith    .   (shield unavailable)
rNeg    . . .      Spirit   .   (body armour unavailable)
rPois   .          Reflect  +   (helmet unavailable)
rElec   .          Harm     .   (cloak unavailable)
rCorr   .          Rampage  .   (gloves unavailable)
Will    +....                   (boots unavailable)
Stlth   ++++......              k - amulet of reflection
HPRegen 0.11/turn               (no ring)
MPRegen 0.11/turn               (no ring)

@: quick
A: very small, claws 1, fangs 3, see invisible, speed 1, shaggy fur 2, stealthy
paws, no weapons or thrown items, no armour, multi-lived
a: Renounce Religion, Berserk, Trog's Hand


You were on level 8 of the Dungeon.
You worshipped Trog.
Trog was most pleased with you.
You visited 1 branch of the dungeon, and saw 8 of its levels.

You collected 642 gold pieces.
You spent 21 gold pieces at shops.

Inventory:

Jewellery
 d - a ring of ice
 k - an amulet of reflection (around neck)
Wands
 j - a wand of polymorph (21)
 l - a wand of roots (11)
Scrolls
 b - a scroll of fog
 h - a scroll of identify
 m - 3 scrolls of teleportation
 q - a scroll of fear
Potions
 a - 3 potions of mutation
 c - a potion of invisibility
 e - 4 potions of might
 f - a potion of curing
 g - a potion of haste
 i - 2 potions of berserk rage
 n - a potion of attraction
 o - 3 potions of degeneration
 p - a potion of flight
 r - a potion of magic {unknown}


   Skills:
 - Level 6.0 Fighting
 - Level 10.0 Dodging
 + Level 7.7 Stealth
 + Level 6.9 Unarmed Combat
 - Level 5.0 Evocations


You had 6 spell levels left.
You didn't know any spells.
Your spell library was empty.

Dungeon Overview and Level Annotations

Branches:
Dungeon (8/15)             Temple (0/1) D:7
   Lair: D:8-11

Altars:
Kikubaaqudgha
Sif Muna

Shops:
D:1 *   D:6 =   D:7 =

Annotations:
D:3 1 runed translucent door, Crazy Yiuf
D:4 3 runed translucent doors, diceflayer's ghost, amateur DsFi
D:6 1 exclusion


Innate Abilities, Weirdness & Mutations

You have sharp claws.
You have razor-sharp teeth.
You have supernaturally acute eyesight. (SInv)
You cover ground quickly. (Speed+)
You are covered in thick fur. (AC +2)
Your paws help you pounce on unaware monsters.
You are incapable of wielding weapons or throwing items.
You cannot wear armour.
You gain extra lives every three experience levels.


Message History

The centaur shoots an arrow.
You reflect the arrow off an invisible shield around you!
The arrow hits the centaur!
The centaur shoots an arrow.
The arrow completely misses you.
The centaur shouts!
The centaur wields a +0 shortbow.
The centaur shoots an arrow.
The arrow barely misses you. The howler monkey hits you.
The centaur shoots an arrow.
The arrow completely misses you.
You scratch the howler monkey. You bite the howler monkey.
The howler monkey is moderately wounded.
The centaur shoots an arrow.
The arrow hits you!
The howler monkey completely misses you.
The centaur shoots an arrow.
The arrow hits you.
The centaur shoots an arrow.
The arrow completely misses you.
The howler monkey completely misses you.
Found a potion of flight.
The centaur shoots an arrow.
The arrow barely misses you.
The centaur shoots an arrow.
The arrow barely misses you.
The centaur shoots an arrow.
You reflect the arrow off an invisible shield around you!
The arrow hits the centaur!
The howler monkey hoots and howls with incredible vigour!
You hear a shout! x3; You hear a howl!
You hear a shout!
Found a leather armour.
The centaur shoots an arrow.
The arrow completely misses you.
The arrow closely misses the howler monkey.
The centaur unwields a +0 shortbow.
The centaur hits you. The centaur kicks you.
* * * LOW HITPOINT WARNING * * *
The howler monkey barely misses you.
You claw the centaur!
You kill the centaur!
Trog accepts your kill.
The centaur shoots an arrow.
The arrow misses you.
The arrow barely misses the howler monkey.
The howler monkey hits you!
* * * LOW HITPOINT WARNING * * *
You scratch the howler monkey. You claw the howler monkey.
The howler monkey is severely wounded.
The centaur shoots an arrow.
The arrow hits you.
You die...

# #g#.#### #.###
#
#n#....#######.#
#
#†####.##......#
# #.#
#.##.###### # #
#.####....# ..#
#.##...#### ..
.!..#.##.#.#####
..
###..n##h#)#...
..
[......@...#.##
####.>).......#
##.c.......#
.........##.#
.............#
..............+
.........######
## ......#..# #<
...#.. #.


You could see a necrophage, a centaur and a howler monkey.

Vanquished Creatures
  Joseph (D:8)
  Grinder (D:3)
  3 water moccasins
  A sky beast (D:6)
  An ice beast (D:6)
  An ogre (D:4)
  2 phantoms (D:4)
  2 centaurs
  A bullfrog (D:7)
  A necrophage (D:5)
  3 scorpions
  3 wights (D:3)
  2 howler monkeys (D:6)
  6 hounds
  A jelly (D:4)
  A gnoll bouda (D:6)
  6 iguanas
  Jessica (D:3)
  Robin (D:3)
  8 gnolls
  10 adders
  A shadow imp (D:7)
  2 white imps
  3 worms
  5 dart slugs
  14 orcs
  8 ball pythons
  11 endoplasms
  3 giant cockroaches
  10 goblins
  8 hobgoblins
  2 jackals (D:1)
  10 kobolds
  5 quokkas
  5 bats
  4 frilled lizards
  2 rats (D:2)
149 creatures vanquished.

Vanquished Creatures (others)
  A fungus (D:1)
1 creature vanquished.

Grand Total: 150 creatures vanquished

Notes
Turn   | Place    | Note
-------+----------+-------------------------------------------
     0 | D:1      | MisterFreud the Felid Berserker began the quest for the
                  | Orb.
     0 | D:1      | Reached XP level 1. HP: 10/10 MP: 2/2
   213 | D:1      | Found a faded altar of an unknown god.
   220 | D:1      | Reached skill level 1 in Stealth
   564 | D:1      | Found Nesesex's Assorted Antiques.
   572 | D:1      | Bought an amethyst potion for 21 gold pieces
   580 | D:1      | Reached XP level 2. HP: 11/14 MP: 3/3
  1450 | D:2      | Reached ** piety under Trog
  1465 | D:2      | Reached XP level 3. HP: 12/17 MP: 4/4
  2732 | D:3      | Noticed Grinder
  2732 | D:3      | Noticed Jessica
  2737 | D:3      | Paralysed by Grinder for 2 turns
  2745 | D:3      | Killed Jessica
  2746 | D:3      | Reached XP level 4. HP: 18/21 MP: 5/5
  2751 | D:3      | Killed Grinder
  2752 | D:3      | Reached skill level 5 in Unarmed Combat
  2752 | D:3      | Reached XP level 5. HP: 8/24 MP: 6/6
  2752 | D:3      | Gained mutation: You are covered in thick fur. (AC +2)
                  | [Felid growth]
  2752 | D:3      | Reached XP level 6. HP: 9/28 MP: 7/7
  3009 | D:3      | Noticed Robin
  3017 | D:3      | Reached skill level 5 in Dodging
  3145 | D:3      | Killed Robin
  3342 | D:3      | Found a runed translucent door.
  3343 | D:3      | Noticed Crazy Yiuf
  3362 | D:3      | You fall into a shaft and drop 2 floors!
  3362 | D:5      | Entered Level 5 of the Dungeon
  3658 | D:4      | Reached XP level 7. HP: 25/31 MP: 8/8
  3871 | D:4      | Reached skill level 6 in Dodging
  4153 | D:4      | Reached skill level 7 in Dodging
  4333 | D:4      | Reached skill level 8 in Dodging
  4544 | D:4      | Reached *** piety under Trog
  4935 | D:4      | Found a runed translucent gate.
  4935 | D:4      | Found a runed translucent gate.
  4935 | D:4      | Found a runed translucent gate.
  4938 | D:4      | Noticed diceflayer's ghost (amateur DsFi)
  5029 | D:4      | Reached skill level 9 in Dodging
  5152 | D:4      | Reached XP level 8. HP: 34/34 MP: 9/9
  5503 | D:5      | HP: 1/34 [poisoned by a scorpion]
  5728 | D:5      | Reached skill level 10 in Dodging
  6551 | D:6      | Reached skill level 5 in Fighting
  6648 | D:6      | Reached skill level 1 in Evocations
  6973 | D:6      | Reached **** piety under Trog
  7295 | D:6      | HP: 2/57 [ice beast (11)]
  7298 | D:6      | Slain by an adder
  7299 | D:6      | Reached XP level 7. HP: 0/51 MP: 8/8
  7441 | D:6      | Found an ancient bone altar of Kikubaaqudgha.
  7477 | D:6      | Reached XP level 8. HP: 37/38 MP: 9/9
  7587 | D:6      | Found Fonludghy's Jewellery Emporium.
  7631 | D:6      | Found a shimmering blue altar of Sif Muna.
  8003 | D:7      | Reached skill level 5 in Evocations
  8022 | D:7      | Found Qapt's Jewellery Shoppe.
  8043 | D:7      | Found a staircase to the Ecumenical Temple.
  8565 | D:8      | Noticed Joseph
  8592 | D:8      | HP: 2/57 [gnoll/+0 spear (2)]
  8594 | D:8      | Killed Joseph
  8604 | D:8      | Slain by a necrophage
  8605 | D:8      | Reached XP level 7. HP: 1/33 MP: 8/8
  8613 | D:8      | Shot with an arrow by a centaur

Illustrated notes

Levels and vault maps discovered:
D:1:      evilmike_arrival_hilbert_curve, layout_basic,
          shapermc_ecumenical_altar_rom_forum, serial_shops, shop,
          palyth_stone_intersect
D:2:      layout_basic
D:3:      layout_basic, item_on_display_b, uniq_ijyb, uniq_grinder,
          uniq_jessica, uniq_robin, uniq_crazy_yiuf_cottage
D:4:      minmay_polygon_palace, layout_gridville, gammafunk_ghost_split,
          gup_sewer_entry_spiral
D:5:      nicolae_cairo_tiling, layout_loops_corners
D:6:      layout_basic, led_sif_book, mainiacjoe_overflow_alcove_1,
          minmay_shop_enchanted_jewellery
D:7:      layout_rooms, minmay_temple_entry_tees, serial_shops,
          kennysheep_mini_moat
D:8:      layout_basic, old_standard_altar, uniq_maurice, uniq_joseph

Skill      XL: |  1  2  3  4  5  6  7  8 |
---------------+-------------------------+-----
Stealth        | 1 2 3 6 7 |  7.7
Unarmed Combat | 4 5 6 |  6.9
Dodging        | 5 9 10 | 10.0
Fighting       | 6 |  6.0
Evocations     | 5 |  5.0

Action                   |  1- 3 |  4- 6 |  7- 9 || total
-------------------------+-------+-------+-------++-------
Melee: Unarmed           |   107 |    58 |   336 ||   501
       Bite              |     6 |     7 |    40 ||    53
       Punch             |       |     3 |    13 ||    16
Invok: Berserk           |     3 |     3 |     7 ||    13
       Trog's Hand       |       |     1 |     3 ||     4
  Use: Scroll            |     5 |     1 |    14 ||    20
       Potion            |       |     1 |     1 ||     2
 Stab: Sleeping          |     8 |     2 |    16 ||    26
       Distracted        |     1 |       |       ||     1
Armor: Skin              |     3 |     1 |    17 ||    21
Dodge: Dodged            |    74 |    48 |   288 ||   410
Block: Other             |       |       |    55 ||    55
       Reflection        |       |       |     2 ||     2
